Workbook

Sheet Principal
B3: Plantilla de certificado de Control Interno eKOGUI I semestre 2024
B4: Agencia Nacional de Defensa Jurídica del Estado
C6: Por favor seleccione la información que desea registrar, en cualquier momento puede visualizar los resultados de la información que haya registrado seleccionando la opción de Ver resultado.

Sheet USUARIOS
B7: USUARIOS ACTIVOS 30 DE JUNIO DE 2024 | T7: Si
D8: Favor Diligenciar los Campos Resaltados | T8: No
B9: Fecha de diligenciamiento de plantilla/Descarga | D9: 45512 | T9: N/A
B10: Favor Diligenciar los campos Resaltados | G10: 43545
B11: ROL | C11: TIENE EL ROL | D11: FECHA CREACIÓN EN EKOGUI | E11: NOMBRE | F11: FECHA ÚLTIMA CAPACITACIÓN | G11: ACTUALIZADO
B12: JEFE FINANCIERO | C12: Si | D12: 45482 | E12: ARMANDO DE JESUS VILLAZON SANCHEZ | F12: 45364 | G12: =+IF(C12="Si",IF(F12<$G$10,"DESACTUALIZADO",""),"") | H12: =+IF(C12="N/A",1,0) -> 0 | I12: =+IF(C12="Si",1,0) -> 1 | J12: =+IF(C12="No",1,0) -> 0
B13: JEFE JURÍDICO | C13: Si | D13: 45469 | E13: BRENDA PAULINA CRUZ ESPINOSA | F13: 45482 | G13: =+IF(C13="Si",IF(F13<$G$10,"DESACTUALIZADO",""),"") | H13: =+IF(C13="N/A",1,0) -> 0 | I13: =+IF(C13="Si",1,0) -> 1 | J13: =+IF(C13="No",1,0) -> 0
B14: ENLACE DE PAGOS | C14: Si | D14: 44229 | E14: LIANA GREGORIA RAMOS MARBELLO | F14: 44701 | G14: =+IF(C14="Si",IF(F14<$G$10,"DESACTUALIZADO",""),"") | H14: =+IF(C14="N/A",1,0) -> 0 | I14: =+IF(C14="Si",1,0) -> 1 | J14: =+IF(C14="No",1,0) -> 0 | T14: 43545
B15: JEFE CONTROL INTERNO | C15: Si | D15: 44089 | E15: GUSTAVO AMARIS GARCIA | F15: 45139 | G15: =+IF(C15="Si",IF(F15<$G$10,"DESACTUALIZADO",""),"") | H15: =+IF(C15="N/A",1,0) -> 0 | I15: =+IF(C15="Si",1,0) -> 1 | J15: =+IF(C15="No",1,0) -> 0
B16: SECRETARIO TÉCNICO | C16: Si | D16: 45097 | E16: KATIA LORENA PEREZ HOLGUIN | F16: 45358 | G16: =+IF(C16="Si",IF(F16<$G$10,"DESACTUALIZADO",""),"") | H16: =+IF(C16="N/A",1,0) -> 0 | I16: =+IF(C16="Si",1,0) -> 1 | J16: =+IF(C16="No",1,0) -> 0
B17: ADMINISTRADOR DE LA ENTIDAD | C17: Si | D17: 45469 | E17: BRENDA PAULINA CRUZ ESPINOSA | F17: 45482 | G17: =+IF(C17="Si",IF(F17<$G$10,"DESACTUALIZADO",""),"") | H17: =+IF(C17="N/A",1,0) -> 0 | I17: =+IF(C17="Si",1,0) -> 1 | J17: =+IF(C17="No",1,0) -> 0
B19: Observaciones | C19: Se requiere una capacitacion con una estructura presencial que incluya el manejo de los enlaces de pagos y manejo de los modulos y funcionalidades. La información reportada, corresponde a lo informado por el Jefe de la la Oficina Jurídica, por el Coordinador GIT Gestión Financiera y lo registrado en el aplicativo Ekogui.
B20: Genera Acciones de Mejoramiento | C20: N/A

Sheet ABOGADOS
W3: =+IF(D12<=10,D12,IF(ROUNDDOWN(D12*10%,0)<10,10,ROUNDDOWN(D12*10%,0))) -> 2
D5: Favor Diligenciar los Campos Resaltados
C7: Fecha de diligenciamiento de plantilla/Descarga | D7: 45512 | G7: ="Seleccione una muestra de "&W3&" abogados activos y complete la siguiente tabla" -> Seleccione una muestra de 2 abogados activos y complete la siguiente tabla | T7: Si
T8: No
C9: Abogados al 30 de junio de 2024 | G9: INFORMACIÓN (1) | H9: CANTIDAD DE ABOGADOS | T9: N/A
C10: ABOGADOS ACTIVOS AL 30-06-2024 | D10: CANTIDAD | G10: Tienen información estudios | H10: 4
C11: CANTIDAD DE ABOGADOS LITIGANDO SEGUN JURIDICA | D11: 4 | G11: Tienen información experiencia | H11: 4
C12: ABOGADOS CREADOS EN EKOGUI ACTIVOS | D12: 2 | G12: Tienen Información laboral | H12: 4
C13: ABOGADOS CON CORREO ACTUALIZADO | D13: 4 | G13: (1) Se visualiza en el detalle del abogado a la fecha de revisión
G14: Solamente se revisa que tenga registrada alguna información registrada | T14: 43545
C16: ABOGADOS INACTIVOS | D16: CANTIDAD | G16: ÚLTIMA CAPACITACIÓN ABOGADOS ACTIVOS | H16: CANTIDAD DE ABOGADOS
C17: RETIRADOS EN LA ENTIDAD PRIMER SEMESTRE 2024 SEGÚN JURIDICA | D17: 0 | G17: Posteriores al 01-01-2020 (Ekogui 2.0 Producción) | H17: 2
C18: INACTIVADOS EN EKOGUI PRIMER SEMESTRE 2024 | D18: 0 | G18: Entre 21-03-2019 y 31-12-2019 (EK 2.0 Estabilización) | H18: 0
G19: Capacitaciones anteriores al 21-03-2019 | H19: 0
G20: Sin capacitación | H20: 0
C21: Observaciones:
C22: Si bien existen cuatro (4) apoderados que asumen defensa judicial, se cargan los procesos en E-kogui con el rol del apoderado principal, por lo que no se estima necesario adelantar la creación de más usuarios para tal fin. Según lo registrado en el aplicativo Ekogui, referente a los abogados que aparecen Activos, no se ha podido INACTIVAR a CRISTIAN CAMILO TORRES, porque aparece un msj de tareas pendientes, aunque en el sistema no muestra ninguna. La entidad ha solicitado a soporte ekogui se proceda a su inactivación.
C26: Genera Acciones de Mejoramiento | D26: N/A

Sheet JUDICIALES
W3: =+IF(D17<=10,D17,IF(ROUNDDOWN(D17*10%,0)<10,10,ROUNDDOWN(D17*10%,0))) -> 1
C6: Procesos Judiciales
E7: Favor Diligenciar los Campos Resaltados | T7: Si
C8: Fecha de diligenciamiento de plantilla/Descarga | D8: 45512 | F8: MAYORES A 33.000 SMMLV(4) ACTIVOS | G8: CANTIDAD | T8: No
F9: Cantidad de procesos de más de 33.000 SMMLV SEGÚN JURIDICA | G9: 4 | T9: N/A
C10: PROCESOS ACTIVOS AL 30 DE JUNIO DE 2024 | D10: CANTIDAD | F10: Procesos de más de 33.000 SMMLV registrados en eKOGUI | G10: 4
C11: CANTIDAD DE PROCESOS ACTIVOS SEGÚN JURIDICA | D11: 63 | F11: Procesos de más de 33.000 SMMLV con la pieza demanda(5) | G11: 4
C12: PROCESOS ACTIVOS REGISTRADOS EN EKOGUI | D12: 63 | F12: (4)Equivalente a un valor indexado de $42.900 millones a 30 de junio de 2024
C13: PROCESOS SIN ABOGADO ASIGNADO(1) | D13: 11 | F13: (5) Puede ser remitida a la ANDJE o cargada en el sistema
C14: (1) Con fecha de registro anterior al 15-06-2024 | F14: CALIFICACIÓN DE RIESGO | G14: CANTIDAD | T14: 43545
C15: PROCESOS TERMINADOS 30 DE JUNIO DE 2024 | D15: CANTIDAD | F15: PROCESOS ACTIVOS EKOGUI - CALIDAD DEMANDADO AL 30-06-2024 | G15: 14
C16: PROCESOS TERMINADOS EN 1DO SEMESTRE 2024 SEGÚN JURIDICA | D16: 1 | F16: PROCESOS EN EKOGUI CON CALIFICACIÓN EN 1DO SEMESTRE 2024 | G16: 2
C17: TERMINADOS EN EKOGUI DURANTE 1DO SEMESTRE 2024 (2) | D17: 1 | F17: PROCESOS EN EKOGUI CON CALIFICACIÓN ANTERIOR A 01-07-2023 | G17: 31
C18: (2) Con fecha de actuación al 15-06-2024 | F18: PROCESOS EN EKOGUI SIN CALIFICACIÓN | G18: 11
C20: ACTUALIZACIÓN | D20: CANTIDAD | F20: PROVISIÓN CONTABLE (6) | G20: # PROCESOS | H20: # CON PROVISIÓN IGUAL A CERO
C21: PROCESOS TERMINADOS EN EKOGUI AL 30 DE JUNIO 2024 | D21: 1 | F21: PROBABILIDAD DE PERDER EL CASO ALTA | G21: 1 | H21: 0
C22: PROCESOS ACTIVOS EN EKOGUI CON ESTADO TERMINADO(3) | D22: 0 | F22: PROBABILIDAD DE PERDER EL CASO MEDIA | G22: 1 | H22: 1
C23: (3)En el reporte de Activos al 30 de junio 2024 verifique la columna Estado General del proceso | F23: PROBABILIDAD DE PERDER EL CASO BAJA | G23: 1 | H23: 1
F24: PROBABILIDAD DE PERDER EL CASO REMOTA | G24: 0 | H24: 0
C25: ="Seleccione "&W3&" procesos teminados en el primer semestre de 2024 y llene la siguiente tabla:" -> Seleccione 1 procesos teminados en el primer semestre de 2024 y llene la siguiente tabla: | F25: (6) Solo se consideran los procesos activos en e-KOGUI - calidad demandado al 30 de junio de 2024 que tengan calificación de riesgo
C27: CONDENAS | D27: CANTIDAD | F27: OBSERVACIONES
C28: PROCESOS ANALIZADOS | D28: 1 | F28: La información reportada, corresponde a lo informado por el Jefe de la Oficina Jurídica según lo registrado en el aplicativo
C29: PROCESOS TERMINADOS CON EJECUTORIA | D29: 1
C30: PROCESOS DESFAVORABLES | D30: 0
C31: PROCESOS QUE GENERAN EROGACIÓN ECONÓMICA | D31: 0
C32: PROCESOS CON VALOR CONDENA MAYOR A CERO | D32: 0
F34: Genera Acciones de Mejoramiento | H34: N/A

Sheet PREJUDICIALES
V2: =+D13+D14 -> 9
V3: =+IF(V2<=20,V2,IF(ROUNDDOWN(V2*10%,0)<20,20,ROUNDDOWN(V2*10%,0))) -> 9
C7: Conciliaciones Prejudiciales | T7: Si
E8: Favor Diligenciar los Campos Resaltados | T8: No
C9: PREJUDICIALES ACTIVOS AL 30-06-2024 | D9: CANTIDAD | F9: ="Seleccione una muestra de "&V3&" prejudiciales activos registrados antes y hasta el 30 de diciembre de 2023 (mas de 6 meses) y complete la siguiente tabla" -> Seleccione una muestra de 9 prejudiciales activos registrados antes y hasta el 30 de diciembre de 2023 (mas de 6 meses) y complete la siguiente tabla | T9: N/A
C10: TOTAL PREJUDICIALES ACTIVOS SEGÚN JURIDICA | D10: 3
C11: TOTAL PREJUDICIALES ACTIVOS EN EKOGUI | D11: 3 | F11: ACTUALIZACIÓN | G11: CANTIDAD PREJUDICIALES
C12: REGISTRO DURANTE PRIMER SEMESTRE DE 2024 | D12: 0 | F12: Procesos que efectivamente se encuentran activos | G12: 7
C13: REGISTRO DURANTE SEGUNDO SEMESTRE DE 2023 | D13: 6 | F13: Procesos que se encuentran terminados | G13: 2
C14: REGISTRO EN PRIMER SEMESTRE DE 2023 Y ANTERIORES | D14: 3
C16: PREJUDICIALES TERMINADOS 1DO SEMESTRE 2024 | D16: CANTIDAD | F16: OBSERVACIONES
C17: TOTAL PREJUDICIALES TERMINADOS 1DO SEM. 2024 SEGÚN JURIDICA | D17: 0 | F17: La información reportada, corresponde a lo informado por el Jefe de la Oficina Jurídica según lo registrado en el aplicativo Ekogui.
C18: TERMINADOS EN EKOGUI ÚLTIMA ACTUACIÓN 1DO SEM. 2024 | D18: 0
F23: Genera Acciones de Mejoramiento | G23: N/A

Sheet ARBITRAMENTOS
V3: =+IF(D10<=10,D10,IF(ROUNDDOWN(D10*10%,0)>10,10,ROUNDDOWN(D10*10%,0))) -> 0
C6: ARBITRAMENTOS
C7: Favor Diligenciar los Campos Resaltados | T7: Si
C8: ARBITRAMENTOS | D8: CANTIDAD | F8: ARBITRAMENTOS | G8: CANTIDAD | T8: No
C9: ARBITRAMENTOS ACTIVOS AL 30-06-2024 SEGÚN JURIDICA | D9: 0 | F9: TOTAL ARBITRAMENTOS TERMINADOS AL 30-06-2024 SEGÚN JURIDICA | G9: 0 | T9: N/A
C10: ARBITRAMENTOS ACTIVOS REGISTRADOS EN EKOGUI | D10: 0 | F10: ARBITRAMENTOS TERMINADOS EN EKOGUI | G10: 0
C12: Observaciones | T12: =IF(D9="",0,1) -> 1
C13: La información reportada, corresponde a lo informado por el Jefe de la Oficina Jurídica según lo registrado en el aplicativo Ekogui.
T16: =IF(G9="",0,1) -> 1
C17: Genera Acciones de Mejoramiento | D17: No
T18: =+T12+T16 -> 2

Sheet COMITES DE CONCILIACION
V3: =+IF(D10<=10,D10,IF(ROUNDDOWN(D10*10%,0)>10,10,ROUNDDOWN(D10*10%,0))) -> #VALUE!
C6: Comites de Conciliación
C7: Favor Diligenciar los Campos Resaltados | F7: Observaciones | T7: Si
C8: Gestion | D8: Respuesta | F8: . | T8: No
C9: Su Entidad Gestiono Sesiones del Comites de conciliacion atraves del sistema Ekogui en I semestre 2024 | D9: Si | T9: N/A
C10: Su Entidad Elaboro las fichas de conciliacion a traves del Sistema Ekogui durante I semestre 2024 | D10: Si
F11: Genera Acciones de Mejoramiento | G11: N/A

Sheet PAGOS
V3: =+IF(D10<=10,D10,IF(ROUNDDOWN(D10*10%,0)>10,10,ROUNDDOWN(D10*10%,0))) -> #VALUE!
C6: Pagos
C7: Favor Diligenciar los Campos Resaltados | F7: Observaciones | T7: Si
C8: PROCESOS ACTIVOS | D8: CANTIDAD | F8: La Corporacion Autonoma Regional del Cesar - CORPOCESAR durante el Primer Semestre de 2024 NO gestiono pagos en el aplicativo SIIF - Minhacienda y por consiguiente NO utilizo el modulo de pagos. | T8: No
C9: Su Entidad Gestiona pagos en SIIF-MinHacienda | D9: No | T9: N/A
C10: Su entidad utilizo el modulo de pagos en 2024-I? | D10: No
F11: Genera Acciones de Mejoramiento | G11: No

Sheet Resumen General
B2: Plantilla de certificado de Control Interno I semestre 2024
B3: Agencia Nacional de Defensa Jurídica del Estado
D4: Favor Diligenciar los Campos Resaltados y Revisar la Información Incompleta Antes de Remitir a la ANDJE *
B5: NOMBRE ENTIDAD QUE REPORTA | C5: CORPORACION AUTONOMA REGIONAL DEL CESAR-CORPOCESAR
B6: NOMBRE JEFE CONTROL INTERNO QUE REPORTA | C6: KATIA LORENA PEREZ HOLGUIN
T7: Si
B8: INFORMACIÓN USUARIOS | C8: =+IF(SUM(USUARIOS!I12:J17)=0,"Falta diligenciar","") | E8: PREJUDICIALES | F8: =+IF(PREJUDICIALES!$D$10="","Falta actualizar","") | T8: No
B9: Completitud de roles | C9: =+SUM(USUARIOS!I12:I17)/(6-SUM(USUARIOS!H12:H17)) -> 1 | E9: Procesos prejudiciales | F9: =+PREJUDICIALES!$D$11 -> 3 | T9: N/A
B10: Usuarios activos | C10: =+ABOGADOS!$D$12+SUM(USUARIOS!I12:I17) -> 8 | E10: Porcentaje de registro | F10: =IFERROR(PREJUDICIALES!$D$11/PREJUDICIALES!$D$10,"") -> 1
B11: Uso del sistema | C11: No Aplica | E11: Actualización prejudiciales | F11: =IFERROR(PREJUDICIALES!$G$13/PREJUDICIALES!$V$3,"") -> 0.22222222
B12: Nivel de capacitación | C12: =IFERROR((ABOGADOS!$H$17+ABOGADOS!$H$18+ABOGADOS!$H$19*0.5)/ABOGADOS!D12,"") -> 1
E13: ARBITRAMENTOS | F13: =+IF(ARBITRAMENTOS!T18=0,"Falta actualizar","")
E14: Procesos arbitrales | F14: =+ARBITRAMENTOS!D10 -> 0
E15: Porcentaje de registro | F15: =IFERROR(ARBITRAMENTOS!D10/ARBITRAMENTOS!D9,"")
E17: PAGOS | F17: =+IF(PAGOS!D9="","Falta actualizar","")
B18: JUDICIALES | C18: =+IF(JUDICIALES!$D$11="","Falta actualizar","") | E18: Uso del Módulo Pagos | F18: =+IF(PAGOS!D10="No","No","Si") -> No
B19: Procesos activos | C19: =+JUDICIALES!$D$12 -> 63 | E19: Realiza Pagos por SIIF | F19: =+IF(PAGOS!D9="No","No aplica","Si") -> No aplica
B20: Porcentaje de registro | C20: =IFERROR(JUDICIALES!$D$12/JUDICIALES!$D$11,"") -> 1
B21: Actualización más de 33.000 SMMLV | C21: =IFERROR(JUDICIALES!$G$11/JUDICIALES!$G$10,"") -> 1 | E21: COMITES DE CONCILIACION | F21: =+IF('COMITES DE CONCILIACION'!D9="","Falta actualizar","")
B22: Procesos por abogado | C22: =IFERROR(C19/ABOGADOS!$D$12,"") -> 31.5 | E22: Gestión de sesiones | F22: =+IF('COMITES DE CONCILIACION'!D9="No","No","Si") -> Si
B23: Provisión aparentemente inconsistente | C23: =IFERROR(1-(JUDICIALES!$H$22+JUDICIALES!$H$23+JUDICIALES!$H$24)/(JUDICIALES!$G$22+JUDICIALES!$G$23+JUDICIALES!$G$24),"") -> 0 | E23: Gestión de Fichas | F23: =+IF('COMITES DE CONCILIACION'!D10="No","No","Si") -> Si
B25: Observaciones Globales
B26: Una vez consultada la información cargada en el SAMAI, se hizo la evalucaión con lo cargado en la plataforma EKOGUI arrojando el resultado del Resumen General
B30: Genera Plan de Mejoramiento | C30: N/A
B32: CERTIFICACION DE INFORMACION LITIGIOSA eKOGUI, DE QUE TRATA EL ARTICULO 2.2.3.4.1.14 DEL DECRETO 1069 de 2015.
B33: En mi calidad de Jefe de Oficina de Control Interno o quien haga sus veces, certifico que se realizó la verificación del cumplimiento de las obligaciones establecidas en el Capitulo 4 del Decreto 1069 de 2015, para los usuarios del Sistema Único de Gestión e Información de la Actividad Litigiosa del Estado - eKOGUI, de conformidad con los lineamientos señalados por la Agencia Nacional de Defensa Jurídica del Estado y los procedimientos de auditoria interna definidos por la entidad. Con el diligenciamiento del presente formulario, el Jefe de la Oficina de Control Interno manifiesta bajo la gravedad de juramento que la información registrada es verídica y corresponde a la realidad litigiosa de la Entidad.
B45: FIRMA DEL JEFE DE OFICINA DE CONTROL INTERNO O QUIEN HAGA SUS VECES

Sheet Entidades
A1: Entidad
A2: ADMINISTRADORA COLOMBIANA DE PENSIONES-COLPENSIONES
A3: ADMINISTRADORA DE LOS RECURSOS DEL SISTEMA GENERAL DE SEGURIDAD SOCIAL EN SALUD-ADRES
A4: ADMINISTRADORA DEL MONOPOLIO RENTISTICO DE LOS JUEGOS DE SUERTE Y AZAR-COLJUEGOS
A5: AGENCIA COLOMBIANA PARA LA REINCORPORACION Y NORMALIZACION-ANR
A6: AGENCIA DE DESARROLLO RURAL-ADR
A7: AGENCIA DE RENOVACION DEL TERRITORIO-ART
A8: AGENCIA DEL INSPECTOR GENERAL DE TRIBUTOS, RENTAS Y CONTRIBUCIONES PARAFISCALES-ITRC
A9: AGENCIA LOGISTICA DE LAS FUERZAS MILITARES-ALFM
A10: AGENCIA NACIONAL DE CONTRATACION PUBLICA - COLOMBIA COMPRA EFICIENTE-CCE
A11: AGENCIA NACIONAL DE DEFENSA JURIDICA DEL ESTADO-ANDJE
A12: AGENCIA NACIONAL DE HIDROCARBUROS-ANH
... A427: OTRA ORDEN TERRITORIAL

Sheet Base a pegar
A2: ENTIDAD | B2: NOMBRE JEFE CONTROL INTERNO | C2: CANTIDAD DE ABOGADOS LITIGANDO | D2: ABOGADOS CREADOS EN EKOGUI ACTIVOS | E2: ABOGADOS CON CORREO ACTUALIZADO | F2: ABOGADOS CON PROCESOS ACTIVOS | G2: RETIRADOS EN LA ENTIDAD PRIMER SEMESTRE 2020 | H2: INACTIVADOS EN EKOGUI PRIMER SEMESTRE 2020 | I2: TIENE INFORMACIÓN ESTUDIOS | J2: TIENEN INFORMACIÓN EXPERIENCIA | K2: TIENEN INFORMACIÓN LABORAL | L2: POSTERIORES AL 01-01-2020 | M2: ENTRE 21-03-2019 Y 31-12-2019 | N2: CAPACITACIONES ANTERIORES AL 21-03-2019 | O2: SIN CAPACITACIÓN | P2: CANTIDAD DE PROCESOS ACTIVOS | Q2: PROCESOS ACTIVOS REGISTRADOS EN EKOGUI | R2: PROCESOS SIN ABOGADO ASIGNADO | S2: PROCESOS TERMINADOS PERIODO | T2: TERMINADOS PERIODO EN EKOGUI | U2: PROCESO ENTIDAD TERMINADOS | V2: PROCESOS ACTIVOS CON ESTADO TERMINADO | W2: PROCESOS ANALIZADOS | X2: PROCESOS TERMINADOS CON EJECUTORIA | Y2: PROCESOS DESFAVORABLES | Z2: PROCESOS QUE GENERAN EROGACIÓN ECONÓMICA | AA2: PROCESOS CON VALOR CONDENA MAYOR A CERO | AB2: CANTIDAD DE PROCESOS DE MÁS DE 33.000 SMMLV | AC2: PROCESOS DE MÁS DE 33.000 SMMLV REGISTRADOS EN EKOGUI | AD2: PROCESOS DE MÁS DE 33.000 SMMLV CON LA PIEZA DEMANDA | AE2: PROCESOS ACTIVOS EN CALIDAD DEMANDADO | AF2: PROCESOS CON CALIFICACIÓN EN 2020 | AG2: PROCESOS CON CALIFICACIÓN ANTERIOR A 2020 | AH2: PROCESOS SIN CALIFICACIÓN | AI2: PROBABILIDAD DE PERDER EL CASO ALTA - PROCESOS | AJ2: PROBABILIDAD DE PERDER EL CASO MEDIA - PROCESOS | AK2: PROBABILIDAD DE PERDER EL CASO BAJA - PROCESOS | AL2: PROBABILIDAD DE PERDER EL CASO REMOTA - PROCESOS | AM2: PROBABILIDAD DE PERDER EL CASO ALTA - PROVISION 0 | AN2: PROBABILIDAD DE PERDER EL CASO MEDIA - PROVISION 0 | AO2: PROBABILIDAD DE PERDER EL CASO BAJA - PROVISION 0 | AP2: PROBABILIDAD DE PERDER EL CASO REMOTA - PROVISION 0 | AQ2: TOTAL PREJUDICIALES ACTIVOS | AR2: TOTAL PREJUDICIALES ACTIVOS EN EKOGUI | AS2: REGISTRO EN 2020 | AT2: REGISTRO EN 2019 | AU2: REGISTRO EN 2018 Y ANTERIORES | AV2: TOTAL PROCESOS TERMINADOS | AW2: TERMINADOS ÚLTIMA ACTUACIÓN EN 2020 | AX2: Procesos que efectivamente se encuentran activos | AY2: Proceso que se encuentran terminados | AZ2: ARBITRAMENTOS ACTIVOS | BA2: ARBITRAMENTOS REGISTRADOS EN EKOGUI | BB2: TOTAL ARBITRAMENTOS TERMINADOS CORTE | BC2: ARBITRAMENTOS TERMINADOS EN EKOGUI | BD2: GESTIONA PAGOS EN SIIF DE MINHACIENDA | BE2: PAGOS ENLAZADOS | BF2: FECHA REPORTE USUARIOS | BG2: FECHA REPORTE ABOGADOS | BH2: FECHA REPORTE JUDICIALES | BI2: OBS1 | BJ2: OBS2 | BK2: OBS3 | BL2: OBS4 | BM2: OBS5 | BN2: OBS6 | BO2: OBS7 | BP2: AM_OBS1 | BQ2: AM_OBS2 | BR2: AM_OBS3 | BS2: AM_OBS4 | BT2: AM_OBS5 | BU2: AM_OBS6 | BV2: OG_OBS7 | BW2: SESIONES CC | BX2: FICHAS_CC | BY2: OBS8 | BZ2: AM_OBS8
A3: ='Resumen General'!C5 -> CORPORACION AUTONOMA REGIONAL DEL CESAR-CORPOCESAR | B3: ='Resumen General'!C6 -> KATIA LORENA PEREZ HOLGUIN | C3: =+ABOGADOS!D11 -> 4 | D3: =+ABOGADOS!D12 -> 2 | E3: =+ABOGADOS!D13 -> 4 | F3: =+ABOGADOS!D14 -> 0 | G3: =+ABOGADOS!D17 -> 0 | H3: =+ABOGADOS!D18 -> 0 | I3: =+ABOGADOS!H10 -> 4 | J3: =+ABOGADOS!H11 -> 4 | K3: =+ABOGADOS!H12 -> 4 | L3: =+ABOGADOS!H17 -> 2 | M3: =+ABOGADOS!H18 -> 0 | N3: =+ABOGADOS!H19 -> 0 | O3: =+ABOGADOS!H20 -> 0 | P3: =+JUDICIALES!D11 -> 63 | Q3: =+JUDICIALES!D12 -> 63 | R3: =+JUDICIALES!D13 -> 11 | S3: =+JUDICIALES!D16 -> 1 | T3: =+JUDICIALES!D17 -> 1 | U3: =+JUDICIALES!D21 -> 1 | V3: =+JUDICIALES!D22 -> 0 | W3: =JUDICIALES!D28 -> 1 | X3: =JUDICIALES!D29 -> 1 | Y3: =JUDICIALES!D30 -> 0 | Z3: =JUDICIALES!D31 -> 0 | AA3: =JUDICIALES!D32 -> 0 | AB3: =+JUDICIALES!G9 -> 4 | AC3: =+JUDICIALES!G10 -> 4 | AD3: =+JUDICIALES!G11 -> 4 | AE3: =+JUDICIALES!G15 -> 14 | AF3: =+JUDICIALES!G16 -> 2 | AG3: =+JUDICIALES!G17 -> 31 | AH3: =+JUDICIALES!G18 -> 11 | AI3: =+JUDICIALES!G21 -> 1 | AJ3: =+JUDICIALES!G22 -> 1 | AK3: =+JUDICIALES!G23 -> 1 | AL3: =+JUDICIALES!G24 -> 0 | AM3: =+JUDICIALES!H21 -> 0 | AN3: =+JUDICIALES!H22 -> 1 | AO3: =+JUDICIALES!H23 -> 1 | AP3: =+JUDICIALES!H24 -> 0 | AQ3: =+PREJUDICIALES!D10 -> 3 | AR3: =+PREJUDICIALES!D11 -> 3 | AS3: =+PREJUDICIALES!D12 -> 0 | AT3: =+PREJUDICIALES!D13 -> 6 | AU3: =+PREJUDICIALES!D14 -> 3 | AV3: =+PREJUDICIALES!D17 -> 0 | AW3: =+PREJUDICIALES!D18 -> 0 | AX3: =+PREJUDICIALES!G12 -> 7 | AY3: =+PREJUDICIALES!G13 -> 2 | AZ3: =+ARBITRAMENTOS!D9 -> 0 | BA3: =+ARBITRAMENTOS!D10 -> 0 | BB3: =ARBITRAMENTOS!G9 -> 0 | BC3: =ARBITRAMENTOS!G10 -> 0 | BD3: =+PAGOS!D9 -> No | BE3: =+PAGOS!D10 -> No | BF3: =USUARIOS!D9 -> 45512 | BG3: =ABOGADOS!D7 -> 45512 | BH3: =JUDICIALES!D8 -> 45512 | BI3: =+USUARIOS!C19 -> Se requiere una capacitacion con una estructura presencial que incluya el manejo de los enlaces de pagos y manejo de los modulos y funcionalidades. La información reportada, corresponde a lo informado por el Jefe de la la Oficina Jurídica, por el Coordinador GIT Gestión Financiera y lo registrado en el aplicativo Ekogui. | BJ3: =+ABOGADOS!C22 -> Si bien existen cuatro (4) apoderados que asumen defensa judicial, se cargan los procesos en E-kogui con el rol del apoderado principal, por lo que no se estima necesario adelantar la creación de más usuarios para tal fin. Según lo registrado en el aplicativo Ekogui, referente a los abogados que aparecen Activos, no se ha podido INACTIVAR a CRISTIAN CAMILO TORRES, porque aparece un msj de tareas pendientes, aunque en el sistema no muestra ninguna. La entidad ha solicitado a soporte ekogui se proceda a su inactivación. | BK3: =+JUDICIALES!F28 -> La información reportada, corresponde a lo informado por el Jefe de la Oficina Jurídica según lo registrado en el aplicativo | BL3: =+PREJUDICIALES!F17 -> La información reportada, corresponde a lo informado por el Jefe de la Oficina Jurídica según lo registrado en el aplicativo Ekogui. | BM3: =+ARBITRAMENTOS!C13 -> La información reportada, corresponde a lo informado por el Jefe de la Oficina Jurídica según lo registrado en el aplicativo Ekogui. | BN3: =+PAGOS!F8 -> La Corporacion Autonoma Regional del Cesar - CORPOCESAR durante el Primer Semestre de 2024 NO gestiono pagos en el aplicativo SIIF - Minhacienda y por consiguiente NO utilizo el modulo de pagos. | BO3: ='Resumen General'!B26 -> Una vez consultada la información cargada en el SAMAI, se hizo la evalucaión con lo cargado en la plataforma EKOGUI arrojando el resultado del Resumen General | BP3: =USUARIOS!C20 -> N/A | BQ3: =ABOGADOS!D26 -> N/A | BR3: =JUDICIALES!H34 -> N/A | BS3: =PREJUDICIALES!G23 -> N/A | BT3: =ARBITRAMENTOS!D17 -> No | BU3: =PAGOS!G11 -> No | BV3: ='Resumen General'!C30 -> N/A | BW3: ='COMITES DE CONCILIACION'!D9 -> Si | BX3: ='COMITES DE CONCILIACION'!D10 -> Si | BY3: ='COMITES DE CONCILIACION'!F8 -> . | BZ3: ='COMITES DE CONCILIACION'!G11 -> N/A
A12: ENTIDAD | B12: ROL | C12: TIENE EL ROL | D12: FECHA CREACIÓN EN EKOGUI | E12: NOMBRE | F12: FECHA ÚLTIMA CAPACITACIÓN | G12: ACTUALIZADO
A13: =$A$3 -> CORPORACION AUTONOMA REGIONAL DEL CESAR-CORPOCESAR | B13: JEFE FINANCIERO | C13: =USUARIOS!C12 -> Si | D13: =USUARIOS!D12 -> 45482 | E13: =USUARIOS!E12 -> ARMANDO DE JESUS VILLAZON SANCHEZ | F13: =USUARIOS!F12 -> 45364 | G13: =USUARIOS!G12
A14: =$A$3 -> CORPORACION AUTONOMA REGIONAL DEL CESAR-CORPOCESAR | B14: JEFE JURÍDICO | C14: =USUARIOS!C13 -> Si | D14: =USUARIOS!D13 -> 45469 | E14: =USUARIOS!E13 -> BRENDA PAULINA CRUZ ESPINOSA | F14: =USUARIOS!F13 -> 45482 | G14: =USUARIOS!G13
A15: =$A$3 -> CORPORACION AUTONOMA REGIONAL DEL CESAR-CORPOCESAR | B15: ENLACE DE PAGOS | C15: =USUARIOS!C14 -> Si | D15: =USUARIOS!D14 -> 44229 | E15: =USUARIOS!E14 -> LIANA GREGORIA RAMOS MARBELLO | F15: =USUARIOS!F14 -> 44701 | G15: =USUARIOS!G14
A16: =$A$3 -> CORPORACION AUTONOMA REGIONAL DEL CESAR-CORPOCESAR | B16: JEFE CONTROL INTERNO | C16: =USUARIOS!C15 -> Si | D16: =USUARIOS!D15 -> 44089 | E16: =USUARIOS!E15 -> GUSTAVO AMARIS GARCIA | F16: =USUARIOS!F15 -> 45139 | G16: =USUARIOS!G15
A17: =$A$3 -> CORPORACION AUTONOMA REGIONAL DEL CESAR-CORPOCESAR | B17: SECRETARIO TÉCNICO | C17: =USUARIOS!C16 -> Si | D17: =USUARIOS!D16 -> 45097 | E17: =USUARIOS!E16 -> KATIA LORENA PEREZ HOLGUIN | F17: =USUARIOS!F16 -> 45358 | G17: =USUARIOS!G16
A18: =$A$3 -> CORPORACION AUTONOMA REGIONAL DEL CESAR-CORPOCESAR | B18: ADMINISTRADOR DE LA ENTIDAD | C18: =USUARIOS!C17 -> Si | D18: =USUARIOS!D17 -> 45469 | E18: =USUARIOS!E17 -> BRENDA PAULINA CRUZ ESPINOSA | F18: =USUARIOS!F17 -> 45482 | G18: =USUARIOS!G17
